3099 views
Uploaded 2020-03-28 22:44:58
Game version 1.32.3
40:22 long 3on3 ladder game on (8)Battleground_LV
Saved by iggythefisk
3099 views
Uploaded 2020-03-28 22:44:58
Game version 1.32.3
40:22 long 3on3 ladder game on (8)Battleground_LV


153 units @ 17.8k
/ 2.7k
123 buildings @ 14.3k
/ 7.6k
Slattery
(2)
(40:19) : 

| Healing Salve | 4 | 400 |
| Lesser Clarity Potion | 5 | 350 |
| Scroll of Speed | 2 | 100 |
| Orb of Lightning | 1 | 375 |
| Potion of Healing | 1 | 150 |
| Dust of Appearance | 1 | 75 |
| Boots of Speed | 1 | 250 |
| Potion of Lesser Invulnerability | 1 | 150 |
| total: | 16 | 1850g |
| Peon | 13 | 975 | / | 0 |
| Raider | 13 | 2340 | / | 520 |
| Troll Batrider | 5 | 800 | / | 200 |
| Demolisher | 2 | 440 | / | 100 |
| total: | 33 | 4555g | / | 820w |
| Watch Tower | 7 | 770 | / | 560 |
| Altar of Storms | 1 | 180 | / | 50 |
| Orc Burrow | 6 | 960 | / | 240 |
| War Mill | 1 | 205 | / | 0 |
| Voodoo Lounge | 1 | 130 | / | 30 |
| Barracks | 1 | 180 | / | 50 |
| Beastiary | 3 | 435 | / | 420 |
| Stronghold | 1 | 315 | / | 190 |
| Fortress | 1 | 325 | / | 190 |
| total: | 20 | 2860g | / | 1350w |
| 0:03 | Peon |
| 0:03 | Peon |
| 0:11 | Altar of Storms |
| 0:15 | Orc Burrow |
| 0:20 | Peon |
| 0:35 | Peon |
| 0:46 | Peon |
| 1:03 | War Mill |
| 1:07 | Peon |
| 1:21 | Peon |
| 1:31 | Peon |
| 1:32 | Peon |
| 1:41 | Voodoo Lounge |
| 2:24 | Peon |
| 2:27 | Wind Walk |
| 2:50 | Stronghold |
| 2:53 | Watch Tower |
| 2:58 | Healing Salve |
| 2:58 | Lesser Clarity Potion |
| 2:59 | Scroll of Speed |
| 2:59 | Lesser Clarity Potion |
| 3:21 | Watch Tower |
| 3:24 | Orc Burrow |
| 3:47 | Watch Tower |
| 4:15 | Watch Tower |
| 4:50 | Boots of Speed |
| 4:54 | Dust of Appearance |
| 5:00 | Watch Tower |
| 5:21 | Peon |
| 5:22 | Peon |
| 6:15 | Critical Strike |
| 6:51 | Beastiary |
| 6:54 | Beastiary |
| 7:16 | Orc Burrow |
| 7:18 | Reinforced Defenses |
| 7:51 | Hex |
| 7:56 | Peon |
| 8:04 | Raider |
| 8:09 | Scroll of Speed |
| 8:12 | Healing Salve |
| 8:24 | Lesser Clarity Potion |
| 8:26 | Raider |
| 8:26 | Ensnare |
| 8:29 | Fortress |
| 9:23 | Healing Salve |
| 9:25 | Raider |
| 9:28 | Barracks |
| 10:07 | Raider |
| 10:22 | Wind Walk |
| 10:36 | Orc Burrow |
| 10:37 | Orc Burrow |
| 10:40 | Troll Batrider |
| 11:02 | Orb of Lightning |
| 11:04 | Lesser Clarity Potion |
| 12:12 | Troll Batrider |
| 12:12 | Liquid Fire |
| 12:37 | Demolisher |
| 12:37 | Demolisher |
| 12:37 | Burning Oil |
| 13:12 | Raider |
| 13:14 | Troll Batrider |
| 14:04 | Raider |
| 14:21 | Healing Wave |
| 15:04 | Troll Batrider |
| 15:22 | Watch Tower |
| 15:24 | Watch Tower |
| 15:49 | Pillage |
| 15:54 | Steel Armor |
| 17:29 | Orc Burrow |
| 18:34 | Troll Batrider |
| 18:37 | Thorium Armor |
| 18:44 | Beastiary |
| 19:45 | Healing Wave |
| 20:09 | Raider |
| 20:33 | Critical Strike |
| 20:38 | Raider |
| 20:40 | Steel Melee Weapons |
| 26:32 | Potion of Lesser Invulnerability |
| 27:12 | Raider |
| 28:08 | Raider |
| 32:30 | Healing Salve |
| 32:58 | Raider |
| 32:59 | Raider |
| 33:03 | Raider |
| 37:22 | Critical Strike |
| 38:59 | Lesser Clarity Potion |
| 39:05 | Potion of Healing |
| Right click | 2460 |
| Select | 437 |
| Select group | 405 |
| Use ability | 212 |
| Build/train/purchase | 127 |
| Assign group | 64 |
| Resource trade | 28 |
| Misc. action | 10 |
| Minimap ping | 9 |
| Item give/drop | 8 |
GordoBobo
(40:17) : 


| Potion of Healing | 7 | 1050 |
| Potion of Mana | 18 | 3600 |
| Lesser Clarity Potion | 16 | 1120 |
| Staff of Sanctuary | 1 | 250 |
| Scroll of Regeneration | 2 | 200 |
| Scroll of Town Portal | 2 | 700 |
| Potion of Invisibility | 1 | 100 |
| Potion of Lesser Invulnerability | 1 | 150 |
| Staff of Teleportation | 1 | 150 |
| Boots of Speed | 3 | 750 |
| Scroll of Speed | 1 | 50 |
| Tiny Great Hall | 1 | 600 |
| total: | 54 | 8720g |
| Peasant | 60 | 4500 | / | 0 |
| Siege Engine | 4 | 780 | / | 240 |
| Mortar Team | 7 | 1260 | / | 490 |
| Dragonhawk Rider | 5 | 1000 | / | 150 |
| total: | 76 | 7540g | / | 880w |
| Scout Tower | 34 | 1020 | / | 680 |
| Arcane Tower | 16 | 1120 | / | 800 |
| Guard Tower | 11 | 770 | / | 550 |
| Altar of Kings | 1 | 180 | / | 50 |
| Farm | 10 | 800 | / | 200 |
| Lumber Mill | 2 | 240 | / | 0 |
| Town Hall | 4 | 1540 | / | 820 |
| Blacksmith | 2 | 280 | / | 120 |
| Arcane Vault | 9 | 1170 | / | 270 |
| Workshop | 5 | 700 | / | 700 |
| Gryphon Aviary | 5 | 700 | / | 750 |
| Arcane Sanctum | 1 | 150 | / | 140 |
| Keep | 2 | 640 | / | 420 |
| Castle | 2 | 720 | / | 420 |
| total: | 73 | 6780g | / | 3730w |
| 0:03 | Peasant |
| 0:03 | Peasant |
| 0:07 | Altar of Kings |
| 0:19 | Peasant |
| 0:35 | Farm |
| 0:39 | Peasant |
| 0:45 | Peasant |
| 0:49 | Lumber Mill |
| 0:55 | Peasant |
| 1:00 | Scout Tower |
| 1:04 | Scout Tower |
| 1:25 | Peasant |
| 1:25 | Peasant |
| 1:38 | Arcane Tower |
| 1:49 | Farm |
| 1:58 | Peasant |
| 1:58 | Peasant |
| 2:03 | Arcane Tower |
| 2:08 | Flame Strike |
| 2:19 | Peasant |
| 2:19 | Peasant |
| 2:31 | Peasant |
| 2:31 | Peasant |
| 3:10 | Farm |
| 3:35 | Siphon Mana |
| 3:57 | Town Hall |
| 4:05 | Peasant |
| 4:05 | Peasant |
| 4:06 | Peasant |
| 4:33 | Peasant |
| 4:33 | Peasant |
| 4:35 | Improved Masonry |
| 4:40 | Farm |
| 4:41 | Farm |
| 5:41 | Town Hall |
| 5:48 | Peasant |
| 5:48 | Peasant |
| 5:48 | Peasant |
| 6:16 | Peasant |
| 6:16 | Peasant |
| 6:42 | Peasant |
| 6:42 | Peasant |
| 6:51 | Town Hall |
| 6:55 | Blacksmith |
| 7:02 | Peasant |
| 7:02 | Peasant |
| 7:02 | Peasant |
| 7:02 | Peasant |
| 7:25 | Scout Tower |
| 7:46 | Peasant |
| 7:46 | Peasant |
| 7:55 | Arcane Tower |
| 7:58 | Scout Tower |
| 8:00 | Peasant |
| 8:00 | Peasant |
| 8:02 | Potion of Healing |
| 8:02 | Potion of Mana |
| 8:13 | Keep |
| 8:16 | Scout Tower |
| 8:17 | Scout Tower |
| 8:18 | Farm |
| 9:08 | Town Hall |
| 9:10 | Flame Strike |
| 9:14 | Lesser Clarity Potion |
| 9:18 | Scroll of Speed |
| 9:32 | Guard Tower |
| 9:32 | Guard Tower |
| 9:45 | Guard Tower |
| 9:52 | Blacksmith |
| 10:40 | Castle |
| 10:50 | Peasant |
| 10:50 | Peasant |
| 10:51 | Peasant |
| 10:53 | Peasant |
| 10:55 | Peasant |
| 11:10 | Potion of Invisibility |
| 11:10 | Potion of Lesser Invulnerability |
| 11:11 | Staff of Teleportation |
| 11:15 | Boots of Speed |
| 11:15 | Boots of Speed |
| 11:15 | Boots of Speed |
| 11:22 | Workshop |
| 11:26 | Workshop |
| 11:28 | Workshop |
| 11:33 | Advanced Masonry |
| 12:15 | Potion of Mana |
| 12:20 | Lesser Clarity Potion |
| 12:22 | Potion of Healing |
| 12:22 | Potion of Healing |
| 12:29 | Workshop |
| 12:41 | Peasant |
| 12:41 | Peasant |
| 12:41 | Peasant |
| 12:41 | Peasant |
| 12:54 | Black Gunpowder |
| 12:55 | Iron Forged Swords |
| 13:01 | Peasant |
| 13:05 | Siege Engine |
| 13:12 | Siege Engine |
| 13:25 | Farm |
| 13:27 | Farm |
| 13:47 | Farm |
| 13:47 | Scout Tower |
| 13:49 | Scout Tower |
| 13:50 | Farm |
| 14:02 | Scout Tower |
| 14:04 | Siege Engine |
| 14:05 | Barrage |
| 14:06 | Refined Gunpowder |
| 14:06 | Iron Plating |
| 14:10 | Lesser Clarity Potion |
| 14:11 | Potion of Mana |
| 14:13 | Tiny Great Hall |
| 14:20 | Arcane Tower |
| 14:23 | Peasant |
| 14:23 | Peasant |
| 14:33 | Arcane Tower |
| 14:35 | Scout Tower |
| 14:35 | Scout Tower |
| 14:57 | Scout Tower |
| 14:57 | Scout Tower |
| 14:57 | Scout Tower |
| 14:57 | Scout Tower |
| 14:58 | Scout Tower |
| 14:58 | Scout Tower |
| 14:58 | Scout Tower |
| 15:08 | Flying Machine Bombs |
| 15:08 | Flak Cannons |
| 15:09 | Siege Engine |
| 16:01 | Fragmentation Shards |
| 16:01 | Flare |
| 16:14 | Guard Tower |
| 16:16 | Peasant |
| 16:16 | Peasant |
| 16:16 | Peasant |
| 16:16 | Peasant |
| 16:55 | Mortar Team |
| 16:58 | Workshop |
| 17:03 | Peasant |
| 17:03 | Peasant |
| 17:03 | Peasant |
| 17:22 | Guard Tower |
| 17:35 | Scout Tower |
| 17:36 | Scout Tower |
| 17:38 | Scout Tower |
| 17:38 | Scout Tower |
| 17:41 | Imbued Masonry |
| 17:45 | Mortar Team |
| 17:45 | Mortar Team |
| 17:51 | Peasant |
| 17:51 | Peasant |
| 17:51 | Peasant |
| 17:54 | Peasant |
| 17:54 | Peasant |
| 17:58 | Peasant |
| 17:58 | Peasant |
| 18:00 | Lumber Mill |
| 18:08 | Mortar Team |
| 18:21 | Arcane Vault |
| 18:23 | Arcane Vault |
| 18:55 | Holy Light |
| 19:23 | Storm Bolt |
| 20:30 | Siphon Mana |
| 20:36 | Mortar Team |
| 20:38 | Potion of Mana |
| 20:38 | Potion of Mana |
| 20:40 | Lesser Clarity Potion |
| 20:57 | Mortar Team |
| 21:19 | Mortar Team |
| 21:35 | Arcane Vault |
| 21:46 | Lesser Clarity Potion |
| 21:46 | Lesser Clarity Potion |
| 22:11 | Imbued Gunpowder |
| 22:13 | Steel Plating |
| 22:13 | Mithril Plating |
| 22:56 | Arcane Tower |
| 23:13 | Gryphon Aviary |
| 23:16 | Gryphon Aviary |
| 23:17 | Gryphon Aviary |
| 23:20 | Gryphon Aviary |
| 23:21 | Gryphon Aviary |
| 24:43 | Arcane Vault |
| 25:07 | Storm Hammers |
| 25:08 | Cloud |
| 25:14 | Arcane Sanctum |
| 25:36 | Divine Shield |
| 25:50 | Magic Sentry |
| 25:53 | Dragonhawk Rider |
| 25:54 | Dragonhawk Rider |
| 26:16 | Potion of Healing |
| 26:16 | Potion of Mana |
| 26:16 | Potion of Mana |
| 26:54 | Dragonhawk Rider |
| 26:54 | Dragonhawk Rider |
| 27:04 | Arcane Vault |
| 27:15 | Scout Tower |
| 27:20 | Dragonhawk Rider |
| 27:24 | Arcane Vault |
| 27:25 | Scout Tower |
| 27:35 | Arcane Tower |
| 27:38 | Scout Tower |
| 28:02 | Arcane Tower |
| 28:04 | Arcane Vault |
| 28:08 | Arcane Tower |
| 28:34 | Scout Tower |
| 28:35 | Scout Tower |
| 28:35 | Scout Tower |
| 28:37 | Scout Tower |
| 28:38 | Scout Tower |
| 28:52 | Potion of Mana |
| 28:52 | Lesser Clarity Potion |
| 28:52 | Scroll of Town Portal |
| 28:54 | Potion of Mana |
| 28:56 | Lesser Clarity Potion |
| 30:05 | Scout Tower |
| 30:05 | Scout Tower |
| 30:06 | Scout Tower |
| 30:49 | Guard Tower |
| 32:10 | Thunder Clap |
| 32:12 | Potion of Mana |
| 32:12 | Potion of Mana |
| 32:12 | Lesser Clarity Potion |
| 32:17 | Potion of Mana |
| 32:17 | Potion of Mana |
| 33:30 | Arcane Vault |
| 33:34 | Lesser Clarity Potion |
| 34:28 | Potion of Mana |
| 34:28 | Lesser Clarity Potion |
| 34:36 | Scout Tower |
| 35:01 | Staff of Sanctuary |
| 36:09 | Potion of Healing |
| 36:09 | Lesser Clarity Potion |
| 36:10 | Lesser Clarity Potion |
| 36:40 | Arcane Vault |
| 37:05 | Potion of Mana |
| 37:05 | Potion of Mana |
| 37:06 | Lesser Clarity Potion |
| 37:06 | Scroll of Regeneration |
| 37:09 | Lesser Clarity Potion |
| 38:05 | Potion of Mana |
| 38:05 | Potion of Mana |
| 38:09 | Scroll of Town Portal |
| 39:23 | Scroll of Regeneration |
| 39:26 | Lesser Clarity Potion |
| 39:27 | Potion of Healing |
| 39:27 | Potion of Healing |
| Right click | 2332 |
| Select | 1172 |
| Select group | 836 |
| Build/train/purchase | 358 |
| Use ability | 166 |
| Assign group | 161 |
| Misc. action | 83 |
| Resource trade | 67 |
| Minimap ping | 15 |
| Esc | 13 |
| Chat | 9 |
| Item give/drop | 8 |



x1)
| Potion of Mana | 3 | 600 |
| Potion of Healing | 3 | 450 |
| Lesser Clarity Potion | 7 | 490 |
| Orb of Venom | 2 | 650 |
| Staff of Preservation | 1 | 150 |
| Scroll of Town Portal | 4 | 1400 |
| Dust of Appearance | 1 | 75 |
| Boots of Speed | 3 | 750 |
| Staff of Teleportation | 1 | 150 |
| Tome of Retraining | 1 | 300 |
| Scroll of Regeneration | 1 | 100 |
| total: | 27 | 5115g |
| Wisp | 27 | 1620 | / | 0 |
| Chimaera | 7 | 2310 | / | 490 |
| Archer | 1 | 130 | / | 10 |
| Druid of the Claw | 3 | 765 | / | 240 |
| Dryad | 4 | 580 | / | 240 |
| Druid of the Talon | 2 | 290 | / | 40 |
| total: | 44 | 5695g | / | 1020w |
| Ancient Protector | 8 | 1080 | / | 640 |
| Altar of Elders | 1 | 180 | / | 50 |
| Moon Well | 7 | 1260 | / | 280 |
| Hunter's Hall | 1 | 210 | / | 100 |
| Ancient of Wonders | 3 | 270 | / | 90 |
| Ancient of War | 3 | 450 | / | 180 |
| Tree of Life | 1 | 340 | / | 185 |
| Ancient of Wind | 1 | 150 | / | 140 |
| Ancient of Lore | 2 | 310 | / | 290 |
| Chimaera Roost | 3 | 420 | / | 570 |
| Tree of Ages | 1 | 320 | / | 180 |
| Tree of Eternity | 1 | 330 | / | 200 |
| total: | 30 | 4670g | / | 2525w |
| 0:02 | Wisp |
| 0:02 | Wisp |
| 0:04 | Altar of Elders |
| 0:18 | Moon Well |
| 0:22 | Wisp |
| 0:32 | Wisp |
| 0:42 | Wisp |
| 0:54 | Wisp |
| 1:13 | Wisp |
| 1:28 | Wisp |
| 1:34 | Hunter's Hall |
| 1:39 | Wisp |
| 1:55 | Moon Well |
| 2:02 | Wisp |
| 2:06 | Fan of Knives |
| 2:11 | Wisp |
| 2:40 | Ancient Protector |
| 2:48 | Wisp |
| 2:52 | Ancient Protector |
| 3:05 | Wisp |
| 3:33 | Wisp |
| 3:33 | Wisp |
| 4:03 | Wisp |
| 4:03 | Wisp |
| 4:09 | Ancient Protector |
| 4:10 | Ancient Protector |
| 4:31 | Blink |
| 4:49 | Moon Well |
| 4:52 | Moon Well |
| 5:10 | Tree of Ages |
| 5:16 | Ancient Protector |
| 5:48 | Ultravision |
| 6:18 | Ancient of Wonders |
| 7:02 | Ancient Protector |
| 7:03 | Ancient Protector |
| 7:32 | Wisp |
| 7:35 | Ancient of Wind |
| 7:53 | Scroll of Town Portal |
| 7:53 | Potion of Mana |
| 7:57 | Potion of Healing |
| 8:03 | Tree of Eternity |
| 8:47 | Fan of Knives |
| 9:06 | Moon Well |
| 9:17 | Boots of Speed |
| 9:17 | Staff of Teleportation |
| 10:26 | Chimaera Roost |
| 10:28 | Chimaera Roost |
| 10:29 | Chimaera Roost |
| 10:35 | Wisp |
| 10:35 | Wisp |
| 10:44 | Strength of the Wild |
| 10:46 | Nature's Blessing |
| 10:55 | Lesser Clarity Potion |
| 10:58 | Potion of Mana |
| 10:59 | Orb of Venom |
| 12:17 | Chimaera |
| 12:20 | Moon Well |
| 12:32 | Ancient of War |
| 12:33 | Tree of Life |
| 12:34 | Backpack |
| 12:42 | Lesser Clarity Potion |
| 12:46 | Moon Well |
| 12:49 | Chimaera |
| 12:50 | Chimaera |
| 12:51 | Corrosive Breath |
| 12:52 | Improved Strength of the Wild |
| 14:19 | Chimaera |
| 14:20 | Chimaera |
| 14:21 | Chimaera |
| 14:28 | Well Spring |
| 14:30 | Blink |
| 14:54 | Advanced Strength of the Wild |
| 15:06 | Ancient of War |
| 15:07 | Ancient of War |
| 15:53 | Chimaera |
| 16:31 | Breath of Fire |
| 16:44 | Boots of Speed |
| 16:46 | Dust of Appearance |
| 17:55 | Ancient of Wonders |
| 18:10 | Reinforced Hides |
| 19:46 | Drunken Brawler |
| 20:40 | Ancient of Lore |
| 20:42 | Wisp |
| 20:43 | Wisp |
| 20:44 | Wisp |
| 20:44 | Wisp |
| 20:44 | Wisp |
| 20:45 | Wisp |
| 20:47 | Entangling Roots |
| 21:56 | Druid of the Claw Adept Training |
| 21:58 | Improved Reinforced Hides |
| 22:55 | Druid of the Claw Master Training |
| 23:00 | Ancient Protector |
| 23:02 | Archer |
| 23:27 | Boots of Speed |
| 23:33 | Thorns Aura |
| 23:41 | Scroll of Town Portal |
| 23:44 | Wisp |
| 24:05 | Fan of Knives |
| 24:14 | Druid of the Claw |
| 24:14 | Druid of the Claw |
| 24:43 | Tome of Retraining |
| 24:43 | Retrain Hero |
| 24:45 | Shadow Strike |
| 24:45 | Shadow Strike |
| 24:47 | Fan of Knives |
| 24:47 | Fan of Knives |
| 24:58 | Ancient of Lore |
| 25:38 | Scroll of Town Portal |
| 25:38 | Potion of Healing |
| 25:43 | Scroll of Town Portal |
| 25:43 | Potion of Healing |
| 25:43 | Potion of Mana |
| 25:50 | Dryad |
| 25:54 | Druid of the Talon |
| 25:54 | Druid of the Talon |
| 26:35 | Breath of Fire |
| 26:39 | Druid of the Talon Adept Training |
| 26:44 | Druid of the Claw |
| 26:45 | Mark of the Claw |
| 27:01 | Orb of Venom |
| 27:02 | Staff of Preservation |
| 27:13 | Dryad |
| 28:02 | Druid of the Talon Master Training |
| 28:21 | Dryad |
| 28:23 | Abolish Magic |
| 28:35 | Lesser Clarity Potion |
| 28:38 | Advanced Reinforced Hides |
| 30:16 | Dryad |
| 33:30 | Lesser Clarity Potion |
| 34:07 | Entangling Roots |
| 37:36 | Lesser Clarity Potion |
| 37:50 | Scroll of Regeneration |
| 37:57 | Lesser Clarity Potion |
| 38:29 | Lesser Clarity Potion |
| 39:27 | Ancient of Wonders |
| Right click | 3843 |
| Select group | 796 |
| Select | 621 |
| Build/train/purchase | 200 |
| Assign group | 116 |
| Use ability | 110 |
| Misc. action | 13 |
| Item give/drop | 10 |
| Minimap ping | 8 |
| Resource trade | 7 |
| Esc | 4 |
144 units @ 14.6k
/ 1.7k
399 buildings @ 19.9k
/ 11.7k
⇛
iggythefisk
(40:21) : 
| Healing Salve | 5 | 500 |
| Lesser Clarity Potion | 11 | 770 |
| Orb of Lightning | 1 | 375 |
| Potion of Mana | 4 | 800 |
| Scroll of Town Portal | 1 | 350 |
| Boots of Speed | 1 | 250 |
| Staff of Teleportation | 1 | 150 |
| Scroll of Regeneration | 1 | 100 |
| total: | 25 | 3295g |
| Peon | 15 | 1125 | / | 0 |
| Troll Batrider | 40 | 6400 | / | 1600 |
| total: | 55 | 7525g | / | 1600w |
| Watch Tower | 25 | 2750 | / | 2000 |
| Altar of Storms | 1 | 180 | / | 50 |
| Orc Burrow | 4 | 640 | / | 160 |
| War Mill | 1 | 205 | / | 0 |
| Voodoo Lounge | 3 | 390 | / | 90 |
| Great Hall | 1 | 385 | / | 185 |
| Beastiary | 3 | 435 | / | 420 |
| Stronghold | 1 | 315 | / | 190 |
| Fortress | 1 | 325 | / | 190 |
| total: | 38 | 4985g | / | 2905w |
| 0:01 | Peon |
| 0:02 | Altar of Storms |
| 0:04 | Peon |
| 0:17 | Orc Burrow |
| 0:18 | Peon |
| 0:40 | War Mill |
| 0:50 | Peon |
| 0:56 | Peon |
| 1:10 | Peon |
| 1:22 | Voodoo Lounge |
| 1:33 | Peon |
| 1:46 | Peon |
| 1:52 | Watch Tower |
| 1:57 | Peon |
| 2:04 | Wind Walk |
| 2:07 | Watch Tower |
| 2:09 | Peon |
| 2:25 | Healing Salve |
| 2:26 | Healing Salve |
| 2:26 | Lesser Clarity Potion |
| 2:26 | Lesser Clarity Potion |
| 2:34 | Watch Tower |
| 3:05 | Stronghold |
| 3:19 | Watch Tower |
| 3:56 | Watch Tower |
| 4:28 | Watch Tower |
| 4:39 | Boots of Speed |
| 4:40 | Staff of Teleportation |
| 5:01 | Watch Tower |
| 5:04 | Orc Burrow |
| 5:30 | Fortress |
| 6:05 | Beastiary |
| 6:14 | Critical Strike |
| 6:41 | Watch Tower |
| 6:43 | Beastiary |
| 7:35 | Orc Burrow |
| 7:47 | Troll Batrider |
| 7:48 | Orc Burrow |
| 7:57 | Orb of Lightning |
| 7:58 | Healing Salve |
| 7:58 | Lesser Clarity Potion |
| 8:18 | Liquid Fire |
| 8:19 | Troll Batrider |
| 8:45 | Reinforced Defenses |
| 8:46 | Troll Batrider |
| 8:54 | Lesser Clarity Potion |
| 9:26 | Great Hall |
| 9:27 | Watch Tower |
| 9:28 | Watch Tower |
| 10:05 | Watch Tower |
| 10:07 | Watch Tower |
| 10:09 | Troll Batrider |
| 10:33 | Troll Batrider |
| 10:45 | Watch Tower |
| 10:45 | Watch Tower |
| 11:03 | Troll Batrider |
| 11:19 | Troll Batrider |
| 11:25 | Lesser Clarity Potion |
| 11:39 | Watch Tower |
| 11:45 | Wind Walk |
| 12:07 | Troll Batrider |
| 12:32 | Peon |
| 12:32 | Peon |
| 12:32 | Peon |
| 12:34 | Watch Tower |
| 12:38 | Watch Tower |
| 12:55 | Troll Batrider |
| 12:57 | Watch Tower |
| 13:21 | Watch Tower |
| 13:56 | Watch Tower |
| 13:57 | Watch Tower |
| 14:02 | Voodoo Lounge |
| 14:11 | Watch Tower |
| 14:14 | Peon |
| 15:17 | Steel Ranged Weapons |
| 15:25 | Voodoo Lounge |
| 15:27 | Watch Tower |
| 16:09 | Peon |
| 16:31 | Troll Batrider |
| 16:40 | Lesser Clarity Potion |
| 16:41 | Scroll of Town Portal |
| 16:44 | Scroll of Regeneration |
| 16:48 | Steel Armor |
| 17:24 | Troll Batrider |
| 18:04 | Troll Batrider |
| 18:11 | Troll Batrider |
| 18:26 | Critical Strike |
| 18:40 | Troll Batrider |
| 18:55 | Troll Batrider |
| 18:55 | Troll Batrider |
| 19:10 | Troll Batrider |
| 19:23 | Troll Batrider |
| 19:23 | Troll Batrider |
| 19:32 | Beastiary |
| 19:41 | Watch Tower |
| 19:54 | Troll Batrider |
| 19:59 | Healing Salve |
| 20:02 | Lesser Clarity Potion |
| 20:04 | Healing Salve |
| 20:20 | Troll Batrider |
| 20:26 | Wind Walk |
| 20:40 | Troll Batrider |
| 21:15 | Troll Batrider |
| 21:31 | Watch Tower |
| 22:03 | Troll Batrider |
| 23:23 | Troll Batrider |
| 23:51 | Bladestorm |
| 23:54 | Troll Batrider |
| 23:54 | Troll Batrider |
| 24:13 | Troll Batrider |
| 24:29 | Troll Batrider |
| 24:46 | Troll Batrider |
| 25:19 | Critical Strike |
| 26:46 | Thorium Ranged Weapons |
| 26:47 | Thorium Armor |
| 27:10 | Troll Batrider |
| 27:29 | Lesser Clarity Potion |
| 29:29 | Troll Batrider |
| 29:29 | Troll Batrider |
| 29:29 | Troll Batrider |
| 29:50 | Mirror Image |
| 30:01 | Troll Batrider |
| 31:01 | Potion of Mana |
| 31:02 | Lesser Clarity Potion |
| 32:32 | Troll Batrider |
| 32:32 | Troll Batrider |
| 32:51 | Troll Batrider |
| 32:51 | Troll Batrider |
| 32:51 | Troll Batrider |
| 34:10 | Potion of Mana |
| 34:12 | Lesser Clarity Potion |
| 38:15 | Arcanite Ranged Weapons |
| 38:15 | Arcanite Armor |
| 39:24 | Potion of Mana |
| 39:25 | Lesser Clarity Potion |
| 39:27 | Potion of Mana |
| Right click | 3280 |
| Assign group | 1369 |
| Select group | 614 |
| Select | 373 |
| Build/train/purchase | 249 |
| Use ability | 109 |
| Chat | 15 |
| Misc. action | 11 |
| Resource trade | 11 |
| Item give/drop | 9 |
| Minimap ping | 7 |
| Remove unit | 6 |



| Scroll of Regeneration | 3 | 300 |
| Staff of Sanctuary | 3 | 750 |
| Lesser Clarity Potion | 1 | 70 |
| Staff of Teleportation | 3 | 450 |
| Circlet of Nobility | 2 | 350 |
| Periapt of Vitality | 2 | 650 |
| Potion of Invisibility | 1 | 100 |
| Healing Salve | 1 | 100 |
| Orb of Lightning | 2 | 750 |
| total: | 18 | 3520g |
| Peasant | 56 | 4200 | / | 0 |
| total: | 56 | 4200g | / | 0w |
| Scout Tower | 153 | 4590 | / | 3060 |
| Arcane Tower | 16 | 1120 | / | 800 |
| Guard Tower | 70 | 4900 | / | 3500 |
| Altar of Kings | 1 | 180 | / | 50 |
| Farm | 4 | 320 | / | 80 |
| Lumber Mill | 1 | 120 | / | 0 |
| Arcane Vault | 3 | 390 | / | 90 |
| Town Hall | 3 | 1155 | / | 615 |
| Barracks | 1 | 160 | / | 60 |
| Blacksmith | 2 | 280 | / | 120 |
| Arcane Sanctum | 1 | 150 | / | 140 |
| Keep | 1 | 320 | / | 210 |
| Castle | 1 | 360 | / | 210 |
| total: | 169 | 7345g | / | 4215w |
| 0:00 | Peasant |
| 0:05 | Altar of Kings |
| 0:07 | Peasant |
| 0:17 | Farm |
| 0:20 | Peasant |
| 0:32 | Lumber Mill |
| 0:34 | Peasant |
| 0:43 | Peasant |
| 0:53 | Scout Tower |
| 0:57 | Peasant |
| 1:17 | Peasant |
| 1:19 | Farm |
| 1:23 | Arcane Tower |
| 1:25 | Peasant |
| 1:52 | Scout Tower |
| 2:03 | Peasant |
| 2:06 | Scout Tower |
| 2:13 | Peasant |
| 2:16 | Blizzard |
| 2:24 | Guard Tower |
| 2:26 | Scout Tower |
| 2:27 | Scout Tower |
| 2:38 | Peasant |
| 2:39 | Guard Tower |
| 2:47 | Peasant |
| 2:50 | Farm |
| 3:00 | Guard Tower |
| 3:02 | Scout Tower |
| 3:03 | Scout Tower |
| 3:31 | Peasant |
| 3:33 | Guard Tower |
| 3:35 | Scout Tower |
| 3:45 | Guard Tower |
| 3:46 | Scout Tower |
| 3:48 | Scout Tower |
| 3:49 | Scout Tower |
| 3:57 | Peasant |
| 4:03 | Guard Tower |
| 4:08 | Peasant |
| 4:15 | Brilliance Aura |
| 4:28 | Guard Tower |
| 4:30 | Scout Tower |
| 4:32 | Scout Tower |
| 4:32 | Guard Tower |
| 5:15 | Guard Tower |
| 5:17 | Scout Tower |
| 5:17 | Scout Tower |
| 5:20 | Peasant |
| 5:21 | Peasant |
| 5:47 | Guard Tower |
| 6:24 | Scout Tower |
| 6:30 | Peasant |
| 6:40 | Arcane Tower |
| 6:45 | Peasant |
| 6:55 | Arcane Vault |
| 6:57 | Scout Tower |
| 7:01 | Scout Tower |
| 7:01 | Scout Tower |
| 7:21 | Scout Tower |
| 7:25 | Scout Tower |
| 7:25 | Scout Tower |
| 7:26 | Scout Tower |
| 7:31 | Peasant |
| 7:32 | Peasant |
| 7:33 | Guard Tower |
| 7:40 | Guard Tower |
| 7:47 | Peasant |
| 7:53 | Guard Tower |
| 7:57 | Guard Tower |
| 8:05 | Peasant |
| 8:07 | Scroll of Regeneration |
| 8:15 | Guard Tower |
| 8:17 | Scout Tower |
| 8:18 | Scout Tower |
| 8:19 | Scout Tower |
| 8:31 | Staff of Teleportation |
| 8:44 | Guard Tower |
| 8:44 | Peasant |
| 8:45 | Peasant |
| 8:59 | Peasant |
| 9:01 | Healing Salve |
| 9:10 | Guard Tower |
| 9:14 | Scout Tower |
| 9:15 | Scout Tower |
| 9:16 | Scout Tower |
| 9:18 | Guard Tower |
| 9:24 | Peasant |
| 9:44 | Peasant |
| 9:45 | Guard Tower |
| 9:46 | Guard Tower |
| 9:50 | Scout Tower |
| 10:07 | Improved Masonry |
| 10:14 | Keep |
| 10:36 | Guard Tower |
| 10:44 | Town Hall |
| 11:14 | Scout Tower |
| 11:15 | Scout Tower |
| 11:16 | Scout Tower |
| 12:03 | Scout Tower |
| 12:07 | Scout Tower |
| 12:08 | Scout Tower |
| 12:14 | Blizzard |
| 12:32 | Guard Tower |
| 12:35 | Scout Tower |
| 12:35 | Guard Tower |
| 12:44 | Advanced Masonry |
| 12:47 | Arcane Sanctum |
| 12:51 | Guard Tower |
| 12:53 | Scout Tower |
| 12:54 | Scout Tower |
| 12:54 | Scout Tower |
| 12:56 | Scout Tower |
| 12:57 | Scout Tower |
| 12:57 | Scout Tower |
| 13:03 | Guard Tower |
| 13:17 | Peasant |
| 13:21 | Guard Tower |
| 13:34 | Guard Tower |
| 13:37 | Peasant |
| 14:20 | Scout Tower |
| 14:21 | Scout Tower |
| 14:21 | Scout Tower |
| 14:22 | Scout Tower |
| 14:23 | Scout Tower |
| 14:25 | Guard Tower |
| 14:27 | Scout Tower |
| 14:28 | Scout Tower |
| 14:28 | Scout Tower |
| 14:31 | Magic Sentry |
| 14:39 | Peasant |
| 14:57 | Guard Tower |
| 15:02 | Guard Tower |
| 15:19 | Guard Tower |
| 15:20 | Guard Tower |
| 15:21 | Scout Tower |
| 15:22 | Scout Tower |
| 15:23 | Scout Tower |
| 15:23 | Scout Tower |
| 15:46 | Storm Bolt |
| 15:50 | Guard Tower |
| 15:51 | Peasant |
| 15:52 | Peasant |
| 16:04 | Guard Tower |
| 16:06 | Peasant |
| 16:17 | Guard Tower |
| 16:19 | Peasant |
| 16:27 | Guard Tower |
| 16:30 | Scout Tower |
| 16:31 | Scout Tower |
| 16:31 | Scout Tower |
| 16:41 | Scout Tower |
| 16:47 | Scout Tower |
| 16:47 | Scout Tower |
| 16:58 | Guard Tower |
| 17:00 | Guard Tower |
| 17:02 | Scout Tower |
| 17:03 | Scout Tower |
| 17:03 | Scout Tower |
| 17:05 | Peasant |
| 17:06 | Peasant |
| 17:09 | Guard Tower |
| 17:15 | Scout Tower |
| 17:16 | Scout Tower |
| 17:16 | Scout Tower |
| 17:19 | Scout Tower |
| 17:21 | Guard Tower |
| 17:25 | Scout Tower |
| 17:26 | Scout Tower |
| 17:26 | Scout Tower |
| 17:29 | Peasant |
| 17:30 | Peasant |
| 17:35 | Guard Tower |
| 17:39 | Improved Lumber Harvesting |
| 17:49 | Guard Tower |
| 17:51 | Scout Tower |
| 17:52 | Scout Tower |
| 17:52 | Scout Tower |
| 17:53 | Guard Tower |
| 17:59 | Guard Tower |
| 18:01 | Castle |
| 18:10 | Guard Tower |
| 18:12 | Guard Tower |
| 18:33 | Peasant |
| 18:43 | Guard Tower |
| 19:19 | Guard Tower |
| 19:20 | Scout Tower |
| 19:21 | Scout Tower |
| 19:22 | Scout Tower |
| 19:25 | Scout Tower |
| 19:26 | Scout Tower |
| 19:26 | Scout Tower |
| 19:30 | Brilliance Aura |
| 19:39 | Arcane Vault |
| 19:51 | Bash |
| 19:53 | Guard Tower |
| 20:20 | Guard Tower |
| 20:21 | Scout Tower |
| 20:21 | Scout Tower |
| 20:22 | Arcane Tower |
| 20:29 | Scout Tower |
| 20:31 | Guard Tower |
| 20:32 | Scout Tower |
| 20:33 | Scout Tower |
| 20:33 | Scout Tower |
| 21:30 | Scout Tower |
| 21:34 | Guard Tower |
| 21:36 | Town Hall |
| 21:42 | Scout Tower |
| 21:43 | Scout Tower |
| 21:43 | Scout Tower |
| 21:52 | Farm |
| 21:58 | Sorceress Adept Training |
| 22:02 | Scout Tower |
| 22:03 | Scout Tower |
| 22:03 | Scout Tower |
| 22:14 | Imbued Masonry |
| 23:06 | Guard Tower |
| 23:08 | Scout Tower |
| 23:09 | Scout Tower |
| 23:09 | Scout Tower |
| 23:13 | Peasant |
| 23:13 | Peasant |
| 23:24 | Staff of Teleportation |
| 23:28 | Circlet of Nobility |
| 23:29 | Periapt of Vitality |
| 23:33 | Holy Light |
| 23:37 | Guard Tower |
| 23:42 | Scout Tower |
| 23:42 | Scout Tower |
| 23:43 | Scout Tower |
| 23:44 | Peasant |
| 23:45 | Peasant |
| 24:12 | Scout Tower |
| 24:28 | Scout Tower |
| 24:43 | Scout Tower |
| 25:06 | Guard Tower |
| 25:39 | Staff of Sanctuary |
| 25:51 | Peasant |
| 25:51 | Peasant |
| 25:53 | Arcane Tower |
| 25:58 | Scout Tower |
| 25:59 | Scout Tower |
| 25:59 | Scout Tower |
| 26:13 | Staff of Teleportation |
| 26:15 | Potion of Invisibility |
| 26:44 | Peasant |
| 26:44 | Peasant |
| 26:45 | Arcane Tower |
| 26:48 | Scout Tower |
| 26:49 | Scout Tower |
| 26:50 | Scout Tower |
| 26:53 | Scout Tower |
| 26:53 | Scout Tower |
| 26:54 | Scout Tower |
| 26:58 | Scout Tower |
| 26:58 | Scout Tower |
| 26:59 | Scout Tower |
| 27:00 | Scout Tower |
| 27:01 | Scout Tower |
| 27:10 | Staff of Sanctuary |
| 27:22 | Guard Tower |
| 27:25 | Scout Tower |
| 27:25 | Scout Tower |
| 27:26 | Scout Tower |
| 27:27 | Arcane Tower |
| 27:28 | Guard Tower |
| 27:28 | Guard Tower |
| 27:45 | Arcane Tower |
| 27:46 | Guard Tower |
| 28:00 | Peasant |
| 28:00 | Peasant |
| 28:08 | Scout Tower |
| 28:09 | Scout Tower |
| 28:10 | Scout Tower |
| 28:14 | Barracks |
| 28:15 | Blacksmith |
| 28:17 | Blacksmith |
| 28:24 | Scout Tower |
| 28:25 | Scout Tower |
| 28:31 | Advanced Lumber Harvesting |
| 28:34 | Peasant |
| 28:35 | Peasant |
| 28:37 | Guard Tower |
| 28:40 | Scout Tower |
| 28:40 | Scout Tower |
| 28:41 | Scout Tower |
| 28:41 | Arcane Tower |
| 28:42 | Guard Tower |
| 28:54 | Priest Adept Training |
| 29:53 | Guard Tower |
| 30:19 | Arcane Vault |
| 30:35 | Animal War Training |
| 30:36 | Studded Leather Armor |
| 30:39 | Scout Tower |
| 30:40 | Scout Tower |
| 30:40 | Scout Tower |
| 30:41 | Scout Tower |
| 31:30 | Staff of Sanctuary |
| 31:34 | Scroll of Regeneration |
| 32:16 | Scout Tower |
| 32:17 | Scout Tower |
| 32:18 | Scout Tower |
| 32:27 | Storm Bolt |
| 32:31 | Scout Tower |
| 32:32 | Scout Tower |
| 32:32 | Scout Tower |
| 33:01 | Arcane Tower |
| 33:03 | Scout Tower |
| 33:04 | Scout Tower |
| 33:05 | Scout Tower |
| 33:05 | Scout Tower |
| 33:10 | Arcane Tower |
| 33:10 | Arcane Tower |
| 33:11 | Guard Tower |
| 33:12 | Guard Tower |
| 33:12 | Guard Tower |
| 33:15 | Orb of Lightning |
| 33:36 | Orb of Lightning |
| 34:11 | Scout Tower |
| 34:12 | Scout Tower |
| 34:13 | Scout Tower |
| 34:27 | Peasant |
| 34:30 | Reinforced Leather Armor |
| 35:16 | Periapt of Vitality |
| 35:16 | Circlet of Nobility |
| 35:24 | Lesser Clarity Potion |
| 35:26 | Scroll of Regeneration |
| 35:34 | Guard Tower |
| 35:36 | Arcane Tower |
| 35:38 | Scout Tower |
| 35:38 | Scout Tower |
| 35:39 | Scout Tower |
| 36:07 | Blizzard |
| 36:32 | Divine Shield |
| 36:36 | Priest Master Training |
| 36:36 | Sorceress Master Training |
| 36:42 | Town Hall |
| 37:25 | Peasant |
| 37:25 | Peasant |
| 37:31 | Arcane Tower |
| 37:33 | Guard Tower |
| 37:33 | Arcane Tower |
| 37:35 | Scout Tower |
| 37:35 | Scout Tower |
| 37:36 | Scout Tower |
| 38:02 | Arcane Tower |
| 38:09 | Dragonhide Armor |
| 38:10 | Iron Forged Swords |
| 38:42 | Peasant |
| 38:50 | Arcane Tower |
| 38:55 | Guard Tower |
| 38:56 | Scout Tower |
| 38:57 | Scout Tower |
| 38:58 | Scout Tower |
| 40:11 | Bash |
| Right click | 2806 |
| Select | 1449 |
| Select group | 480 |
| Build/train/purchase | 357 |
| Assign group | 296 |
| Use ability | 131 |
| Misc. action | 31 |
| Minimap ping | 12 |
| Item give/drop | 2 |
⇛
TIMG4STRok
(40:21) : 


| Staff of Sanctuary | 3 | 750 |
| Boots of Speed | 3 | 750 |
| Staff of Teleportation | 3 | 450 |
| Circlet of Nobility | 1 | 175 |
| Periapt of Vitality | 1 | 325 |
| Healing Salve | 1 | 100 |
| Orb of Lightning | 3 | 1125 |
| total: | 15 | 3675g |
| Peasant | 29 | 2175 | / | 0 |
| Dragonhawk Rider | 3 | 600 | / | 90 |
| Priest | 1 | 135 | / | 10 |
| total: | 33 | 2910g | / | 100w |
| Scout Tower | 178 | 5340 | / | 3560 |
| Arcane Tower | 22 | 1540 | / | 1100 |
| Guard Tower | 60 | 4200 | / | 3000 |
| Altar of Kings | 1 | 180 | / | 50 |
| Farm | 5 | 400 | / | 100 |
| Lumber Mill | 1 | 120 | / | 0 |
| Arcane Vault | 1 | 130 | / | 30 |
| Town Hall | 2 | 770 | / | 410 |
| Blacksmith | 1 | 140 | / | 60 |
| Barracks | 1 | 160 | / | 60 |
| Arcane Sanctum | 1 | 150 | / | 140 |
| Gryphon Aviary | 1 | 140 | / | 150 |
| Keep | 1 | 320 | / | 210 |
| Castle | 1 | 360 | / | 210 |
| total: | 192 | 7530g | / | 4560w |
| 0:06 | Altar of Kings |
| 0:09 | Farm |
| 0:12 | Peasant |
| 0:12 | Peasant |
| 0:29 | Peasant |
| 0:29 | Peasant |
| 0:37 | Peasant |
| 0:57 | Scout Tower |
| 1:02 | Peasant |
| 1:07 | Lumber Mill |
| 1:13 | Farm |
| 1:23 | Arcane Tower |
| 1:25 | Scout Tower |
| 1:40 | Peasant |
| 1:43 | Peasant |
| 1:51 | Arcane Tower |
| 2:01 | Scout Tower |
| 2:03 | Peasant |
| 2:08 | Blizzard |
| 2:15 | Scout Tower |
| 2:20 | Peasant |
| 2:21 | Peasant |
| 2:34 | Peasant |
| 2:34 | Peasant |
| 2:36 | Arcane Tower |
| 2:43 | Guard Tower |
| 2:57 | Arcane Vault |
| 3:06 | Peasant |
| 3:27 | Scout Tower |
| 3:49 | Boots of Speed |
| 3:49 | Staff of Teleportation |
| 4:01 | Guard Tower |
| 4:10 | Scout Tower |
| 4:45 | Brilliance Aura |
| 5:00 | Town Hall |
| 5:07 | Scout Tower |
| 5:08 | Scout Tower |
| 5:09 | Guard Tower |
| 5:11 | Scout Tower |
| 5:22 | Keep |
| 5:38 | Guard Tower |
| 5:44 | Arcane Tower |
| 6:21 | Peasant |
| 6:21 | Peasant |
| 6:21 | Peasant |
| 6:22 | Guard Tower |
| 6:31 | Scout Tower |
| 6:32 | Scout Tower |
| 7:06 | Guard Tower |
| 7:08 | Improved Masonry |
| 7:11 | Peasant |
| 7:11 | Peasant |
| 7:12 | Peasant |
| 7:20 | Blizzard |
| 7:26 | Peasant |
| 7:29 | Scout Tower |
| 7:31 | Guard Tower |
| 7:34 | Scout Tower |
| 7:43 | Scout Tower |
| 7:44 | Scout Tower |
| 7:46 | Healing Salve |
| 7:53 | Peasant |
| 7:53 | Peasant |
| 8:01 | Guard Tower |
| 8:34 | Castle |
| 8:38 | Arcane Sanctum |
| 8:49 | Storm Bolt |
| 8:51 | Guard Tower |
| 8:52 | Scout Tower |
| 8:54 | Peasant |
| 8:56 | Guard Tower |
| 9:01 | Farm |
| 9:02 | Farm |
| 9:17 | Scout Tower |
| 9:21 | Guard Tower |
| 9:22 | Scout Tower |
| 9:26 | Scout Tower |
| 9:27 | Advanced Masonry |
| 9:27 | Imbued Masonry |
| 10:05 | Guard Tower |
| 10:07 | Magic Sentry |
| 10:07 | Guard Tower |
| 10:36 | Scout Tower |
| 10:37 | Scout Tower |
| 10:37 | Scout Tower |
| 10:38 | Scout Tower |
| 10:40 | Guard Tower |
| 10:41 | Scout Tower |
| 10:42 | Scout Tower |
| 10:53 | Scout Tower |
| 10:57 | Peasant |
| 10:57 | Peasant |
| 11:05 | Blacksmith |
| 11:07 | Barracks |
| 11:10 | Gryphon Aviary |
| 11:17 | Guard Tower |
| 11:23 | Guard Tower |
| 11:35 | Guard Tower |
| 11:57 | Guard Tower |
| 12:09 | Scout Tower |
| 12:10 | Scout Tower |
| 12:27 | Thunder Clap |
| 12:39 | Guard Tower |
| 12:42 | Guard Tower |
| 12:45 | Scout Tower |
| 12:45 | Scout Tower |
| 12:47 | Arcane Tower |
| 12:58 | Peasant |
| 12:58 | Peasant |
| 12:58 | Peasant |
| 13:08 | Boots of Speed |
| 13:08 | Staff of Teleportation |
| 13:09 | Circlet of Nobility |
| 13:09 | Periapt of Vitality |
| 13:14 | Arcane Tower |
| 13:19 | Scout Tower |
| 13:23 | Guard Tower |
| 13:24 | Scout Tower |
| 13:25 | Scout Tower |
| 13:26 | Scout Tower |
| 13:26 | Scout Tower |
| 13:36 | Improved Lumber Harvesting |
| 13:38 | Staff of Sanctuary |
| 13:49 | Holy Light |
| 13:52 | Animal War Training |
| 13:55 | Guard Tower |
| 14:28 | Scout Tower |
| 14:29 | Scout Tower |
| 14:29 | Scout Tower |
| 14:33 | Dragonhawk Rider |
| 14:34 | Dragonhawk Rider |
| 14:36 | Farm |
| 14:45 | Scout Tower |
| 14:45 | Scout Tower |
| 14:46 | Scout Tower |
| 14:47 | Scout Tower |
| 14:47 | Scout Tower |
| 14:51 | Scout Tower |
| 14:52 | Scout Tower |
| 14:53 | Scout Tower |
| 14:53 | Scout Tower |
| 14:54 | Scout Tower |
| 15:00 | Studded Leather Armor |
| 15:25 | Priest Adept Training |
| 15:28 | Priest |
| 15:48 | Orb of Lightning |
| 15:54 | Arcane Tower |
| 15:58 | Guard Tower |
| 16:02 | Guard Tower |
| 16:03 | Guard Tower |
| 16:09 | Guard Tower |
| 16:25 | Dragonhawk Rider |
| 16:52 | Boots of Speed |
| 16:52 | Staff of Teleportation |
| 17:09 | Guard Tower |
| 17:13 | Scout Tower |
| 17:13 | Scout Tower |
| 17:14 | Scout Tower |
| 17:23 | Scout Tower |
| 17:24 | Scout Tower |
| 17:25 | Scout Tower |
| 17:25 | Scout Tower |
| 17:56 | Arcane Tower |
| 18:00 | Staff of Sanctuary |
| 18:09 | Orb of Lightning |
| 18:43 | Guard Tower |
| 18:45 | Scout Tower |
| 18:45 | Scout Tower |
| 18:46 | Scout Tower |
| 18:47 | Scout Tower |
| 19:18 | Brilliance Aura |
| 19:21 | Storm Bolt |
| 19:39 | Guard Tower |
| 19:41 | Town Hall |
| 19:43 | Scout Tower |
| 19:43 | Scout Tower |
| 19:44 | Scout Tower |
| 19:45 | Scout Tower |
| 19:48 | Arcane Tower |
| 19:48 | Guard Tower |
| 20:27 | Divine Shield |
| 20:40 | Scout Tower |
| 20:41 | Scout Tower |
| 20:42 | Scout Tower |
| 20:43 | Scout Tower |
| 20:46 | Advanced Lumber Harvesting |
| 21:33 | Guard Tower |
| 21:33 | Arcane Tower |
| 21:36 | Arcane Tower |
| 21:38 | Scout Tower |
| 21:39 | Scout Tower |
| 21:40 | Scout Tower |
| 21:41 | Guard Tower |
| 21:42 | Scout Tower |
| 21:43 | Scout Tower |
| 21:45 | Guard Tower |
| 21:50 | Scout Tower |
| 21:50 | Scout Tower |
| 21:51 | Scout Tower |
| 21:51 | Scout Tower |
| 21:52 | Scout Tower |
| 21:57 | Scout Tower |
| 21:58 | Scout Tower |
| 21:58 | Scout Tower |
| 21:59 | Scout Tower |
| 22:00 | Scout Tower |
| 22:01 | Scout Tower |
| 22:01 | Scout Tower |
| 22:02 | Scout Tower |
| 22:09 | Cloud |
| 22:10 | Reinforced Leather Armor |
| 22:15 | Arcane Tower |
| 22:15 | Arcane Tower |
| 22:23 | Staff of Sanctuary |
| 22:27 | Arcane Tower |
| 22:36 | Guard Tower |
| 22:39 | Guard Tower |
| 23:20 | Arcane Tower |
| 23:20 | Guard Tower |
| 23:23 | Guard Tower |
| 23:34 | Orb of Lightning |
| 23:53 | Scout Tower |
| 23:54 | Scout Tower |
| 23:54 | Scout Tower |
| 24:23 | Guard Tower |
| 24:24 | Scout Tower |
| 24:25 | Scout Tower |
| 24:25 | Scout Tower |
| 24:26 | Scout Tower |
| 24:26 | Scout Tower |
| 24:27 | Scout Tower |
| 25:47 | Arcane Tower |
| 25:47 | Guard Tower |
| 25:59 | Scout Tower |
| 25:59 | Scout Tower |
| 26:03 | Guard Tower |
| 26:04 | Scout Tower |
| 26:05 | Scout Tower |
| 26:06 | Scout Tower |
| 26:06 | Scout Tower |
| 26:07 | Scout Tower |
| 26:08 | Scout Tower |
| 26:09 | Guard Tower |
| 26:11 | Scout Tower |
| 26:11 | Scout Tower |
| 26:12 | Scout Tower |
| 26:12 | Scout Tower |
| 26:13 | Scout Tower |
| 26:17 | Scout Tower |
| 26:18 | Scout Tower |
| 26:19 | Scout Tower |
| 27:12 | Guard Tower |
| 27:16 | Scout Tower |
| 27:17 | Scout Tower |
| 27:17 | Scout Tower |
| 27:35 | Guard Tower |
| 27:37 | Scout Tower |
| 27:38 | Scout Tower |
| 27:38 | Scout Tower |
| 27:39 | Scout Tower |
| 27:42 | Scout Tower |
| 27:43 | Scout Tower |
| 27:43 | Scout Tower |
| 27:53 | Arcane Tower |
| 28:22 | Guard Tower |
| 28:55 | Guard Tower |
| 29:13 | Scout Tower |
| 29:13 | Scout Tower |
| 29:14 | Scout Tower |
| 29:21 | Scout Tower |
| 29:22 | Scout Tower |
| 29:48 | Holy Light |
| 30:34 | Arcane Tower |
| 30:35 | Scout Tower |
| 30:37 | Scout Tower |
| 30:37 | Scout Tower |
| 30:50 | Guard Tower |
| 30:52 | Scout Tower |
| 30:53 | Scout Tower |
| 30:54 | Scout Tower |
| 30:54 | Scout Tower |
| 31:18 | Brilliance Aura |
| 32:16 | Guard Tower |
| 32:18 | Scout Tower |
| 32:19 | Scout Tower |
| 32:21 | Scout Tower |
| 32:29 | Thunder Clap |
| 32:48 | Guard Tower |
| 32:52 | Scout Tower |
| 32:52 | Scout Tower |
| 32:53 | Scout Tower |
| 32:53 | Scout Tower |
| 32:54 | Scout Tower |
| 33:13 | Guard Tower |
| 33:14 | Scout Tower |
| 33:15 | Scout Tower |
| 33:16 | Scout Tower |
| 34:57 | Guard Tower |
| 34:59 | Scout Tower |
| 35:00 | Scout Tower |
| 35:00 | Scout Tower |
| 35:04 | Scout Tower |
| 35:05 | Guard Tower |
| 35:06 | Guard Tower |
| 35:25 | Scout Tower |
| 35:26 | Scout Tower |
| 35:26 | Scout Tower |
| 35:28 | Scout Tower |
| 35:28 | Scout Tower |
| 35:28 | Scout Tower |
| 35:30 | Scout Tower |
| 35:31 | Scout Tower |
| 35:32 | Scout Tower |
| 35:32 | Scout Tower |
| 35:32 | Scout Tower |
| 35:33 | Scout Tower |
| 36:44 | Devotion Aura |
| 37:42 | Arcane Tower |
| 37:43 | Scout Tower |
| 38:07 | Scout Tower |
| 38:07 | Scout Tower |
| 38:08 | Scout Tower |
| 38:09 | Scout Tower |
| 38:09 | Scout Tower |
| 38:11 | Scout Tower |
| 38:12 | Arcane Tower |
| 38:13 | Guard Tower |
| 38:18 | Arcane Tower |
| 38:18 | Guard Tower |
| 38:23 | Scout Tower |
| 38:24 | Scout Tower |
| 38:24 | Scout Tower |
| 38:25 | Scout Tower |
| 38:25 | Scout Tower |
| 38:25 | Scout Tower |
| 38:26 | Scout Tower |
| 38:26 | Scout Tower |
| 38:26 | Scout Tower |
| 38:27 | Scout Tower |
| 38:27 | Scout Tower |
| 38:28 | Scout Tower |
| 40:21 | Guard Tower |
| Right click | 4057 |
| Select group | 2442 |
| Select | 525 |
| Build/train/purchase | 206 |
| Use ability | 159 |
| Misc. action | 37 |
| Chat | 35 |
| Assign group | 16 |
| Minimap ping | 16 |
| Item give/drop | 7 |
| Resource trade | 5 |